 Dungeon Crawl Stone Soup version 0.27.1-33-g824d729ab1 (webtiles) character file.

Game seed: 7751570732693230777

212 SibleyIrresistible the Gusty (level 5, -4/32 HPs)
             Began as a Tengu Air Elementalist on Dec 25, 2021.
             Was an Initiate of Vehumet.
             Slain by a gnoll shaman (6 damage)
             ... while paralysed by Grinder
             ... on level 4 of the Dungeon.
             The game lasted 00:10:17 (3381 turns).

SibleyIrresistible the Gusty (TeAE)                 Turns: 3381, Time: 00:10:17

Health: -4/32      AC:  3    Str:  9    XL:     5   Next: 90%
Magic:  9/9        EV:  2    Int: 22    God:    Vehumet [......]
Gold:   184        SH:  0    Dex: 14    Spells: 2/8 levels left

rFire    . . .     SeeInvis .   (no weapon)
rCold    . . .     Faith    .   (no shield)
rNeg     . . .     Spirit   .   a - +0 robe
rPois    .         Reflect  .   (helmet restricted)
rElec    .         Harm     .   (no cloak)
rCorr    .         Rampage  .   f - +0 pair of gloves
Will     .....                  (boots unavailable)
Stlth    ++........             k - amulet of magic regeneration
HPRegen  0.10/turn              e - +6 ring of intelligence
MPRegen  0.36/turn              (no ring)

@: paralysed, flying quickly and evasively, quick
A: beak, talons 3, nimble flight
a: Renounce Religion


You were on level 4 of the Dungeon.
You worshipped Vehumet.
Vehumet was noncommittal.
You visited 1 branch of the dungeon, and saw 4 of its levels.

You collected 184 gold pieces.

Inventory:

Armour
 a - a +0 robe (worn)
 f - a +0 pair of gloves (worn)
Jewellery
 e - a +6 ring of intelligence (left hand)
 k - an amulet of magic regeneration (around neck)
Scrolls
 d - a scroll of torment {unknown}
 i - a scroll of fog {unknown}
 m - a scroll of identify {unknown}
Potions
 b - a potion of magic {unknown}
 c - 2 potions of curing {unknown}
 g - a potion of haste {unknown}
 h - a potion of ambrosia {unknown}
 j - 3 potions of berserk rage {unknown}
 l - a potion of flight {unknown}


   Skills:
 + Level 2.9 Fighting
 - Level 2.1 Dodging
 - Level 2.0 Stealth
 - Level 2.0 Spellcasting
 - Level 1.3 Conjurations
 * Level 7.3 Air Magic


You had 2 spell levels left.
You knew the following spells:

 Your Spells              Type           Power      Damage    Failure   Level
a - Shock                 Conj/Air       84%        1d8       2%          1
b - Swiftness             Air            34%        N/A       1%          3
c - Static Discharge      Conj/Air       21%        N/A       3%          2

Your spell library contained the following spells:

 Spells                   Type           Power      Damage    Failure   Level
 Poisonous Vapours        Pois/Air       36%        N/A       4%          2
 Sting                    Tmut/Pois      8%         1d3       14%         1
 Airstrike                Air            17%        N/A       7%          4
 Olgreb's Toxic Radiance  Pois           2%         N/A       80%         4


Dungeon Overview and Level Annotations

Branches:
Dungeon (4/15)             Temple (0/1) D:4

Altars:
Dithmenos
Fedhas
Hepliaklqana
Nemelex Xobeh
Okawaru
Uskayaw
Vehumet

Annotations:
D:4 Grinder


Innate Abilities, Weirdness & Mutations

You have a beak for a mouth.
You have claws for feet.
Your magical nature lets you fly swiftly and evasively.


Message History

Casting: Shock (safe; 2% risk of failure)
Confirm with . or Enter, or press ? or * to list all spells.
You don't know that spell.
Unknown command.
You reach down and open the door.
There is an open door here.
Found a scroll labelled ITSITS UDWYME.
m - a scroll labelled ITSITS UDWYME
Found 15 gold pieces.
You now have 184 gold pieces (gained 15).
You reach down and open the door.
There is an open door here.
Casting: Shock (safe; 2% risk of failure)
Confirm with . or Enter, or press ? or * to list all spells.
You don't know that spell.
Casting: Shock (safe; 2% risk of failure)
Confirm with . or Enter, or press ? or * to list all spells.
Aiming: Shock (safe; 2% risk of failure)
Press: ? - help, Shift-Dir - straight line, f - Grinder
Aim: Grinder (71% to hit)
The zap misses Grinder.
You hear a shout!
A gnoll shaman comes into view. It is wielding a +0 club.
You hear a shout!
Grinder gestures at you.
You suddenly lose the ability to move!
Grinder blinks!
Grinder gestures at you. Pain shoots through your body!
A gnoll comes into view. It is wielding a +0 halberd.
The gnoll shouts!
You hear a shout!
Grinder hits you!
You writhe in agony.
A gnoll comes into view. It is wielding a +0 halberd. x2
The gnoll shouts!
Grinder hits you!
* * * LOW HITPOINT WARNING * * *
You writhe in agony.
* * * LOW HITPOINT WARNING * * *
The gnoll shaman hits you with a +0 club.
You die...

####### #
#..#..#############.#####
............'...@5...gg[.
............#....g....g..
##.###.###.####..♣.♣....#
##.##### #'#####..>..#..#
....# #.......♣.♣.....
....# #...............
....# #...............
....# #...............
....# #...............


You could see Grinder, a gnoll shaman and 3 gnolls.

Vanquished Creatures
  A scorpion (D:3)
  A hound (D:4)
  Jessica (D:3)
  3 adders
  2 ufetubi
  4 dart slugs
  3 ball pythons
  4 endoplasms
  4 goblins
  6 hobgoblins
  9 jackals
  2 quokkas (D:1)
  4 bats
  A frilled lizard (D:1)
  4 kobolds
  3 rats
52 creatures vanquished.

Notes
Turn   | Place    | Note
-------+----------+-------------------------------------------
     0 | D:1      | SibleyIrresistible the Tengu Air Elementalist began the
                  | quest for the Orb.
     0 | D:1      | Reached XP level 1. HP: 10/10 MP: 4/4
   425 | D:1      | Reached XP level 2. HP: 16/16 MP: 4/6
   515 | D:1      | Reached skill level 1 in Fighting
   786 | D:1      | Found a faded altar of an unknown god.
  1115 | D:2      | Reached skill level 5 in Air Magic
  1308 | D:2      | Reached XP level 3. HP: 20/20 MP: 4/7
  2162 | D:3      | Reached XP level 4. HP: 9/26 MP: 1/8
  2370 | D:3      | Found a shadowy altar of Dithmenos.
  2379 | D:3      | Found a radiant altar of Vehumet.
  2383 | D:3      | Found a sparkling altar of Nemelex Xobeh.
  2388 | D:3      | Became a worshipper of Vehumet
  2454 | D:3      | Found a hazy altar of Hepliaklqana.
  2567 | D:3      | Reached skill level 6 in Air Magic
  2583 | D:3      | Noticed a scorpion
  2589 | D:3      | Killed a scorpion
  2590 | D:3      | Gained mutation: Your magical nature lets you fly swiftly
                  | and evasively. [Tengu growth]
  2590 | D:3      | Reached XP level 5. HP: 31/31 MP: 2/9
  2762 | D:3      | Found a hide-covered altar of Uskayaw.
  2803 | D:3      | Noticed Jessica
  2808 | D:3      | Killed Jessica
  2949 | D:3      | Found an iron altar of Okawaru.
  2994 | D:3      | Found a blossoming altar of Fedhas.
  3191 | D:4      | Reached skill level 7 in Air Magic
  3229 | D:4      | Learned a level 3 spell: Swiftness
  3232 | D:4      | Learned a level 2 spell: Static Discharge
  3322 | D:4      | Found a staircase to the Ecumenical Temple.
  3324 | D:4      | Noticed Grinder
  3374 | D:4      | Paralysed by Grinder for 7 turns
  3381 | D:4      | Slain by a gnoll shaman

Illustrated notes

Levels and vault maps discovered:
D:1:      dpeg_arrival_rhombus, layout_basic,
          shapermc_ecumenical_altar_mp_vishouse, serial_glass, glass_columns_b,
          glass_columns_a, glass_columns_a, glass_columns_a, item_on_display_a,
          minmay_strange_pillars, fountainhead
D:2:      layout_basic, grunt_decor_resistance
D:3:      layout_loops_ring, lemuel_crystal_altar, amcnicky_altar_gilded,
          nzn_hepliaklqana_mist_gate, okawaru_trees_1,
          minmay_overflow_temple_star_quad, hangedman_decor_clover_reticule,
          kennysheep_crisscross, serial_bayou_pond_e, uniq_jessica
D:4:      layout_gridville, minmay_temple_entry_trees, uniq_grinder

Skill      XL: |  1  2  3  4  5 |
---------------+----------------+-----
Fighting       | 1 2 |  2.9
Air Magic      | 5 6 7 |  7.3
Dodging        | |  2.1
Stealth        | |  2.0
Spellcasting   | |  2.0
Conjurations   | |  1.3

Action                   |  1- 3 |  4- 6 || total
-------------------------+-------+-------++-------
Melee: Unarmed           |    16 |    14 ||    30
       Kick              |     6 |     3 ||     9
       Peck              |     1 |     1 ||     2
 Cast: Shock             |    66 |    51 ||   117
 Stab: Sleeping          |     1 |       ||     1
Armor: Robe              |     8 |     7 ||    15
Dodge: Dodged            |     8 |    21 ||    29
